 Dungeon Crawl Stone Soup version 0.30.1-3-gfc49f6343a (webtiles) character file.

Game seed: 5475786867715079736

1052 H0rd4k the Sneak (level 8, -4/75 HPs)
             Began as an Octopode Artificer on Aug 3, 2023.
             Killed from afar by an orc wizard (8 damage)
             ... with a magic dart
             ... on level 6 of the Dungeon.
             The game lasted 00:04:48 (4026 turns).

H0rd4k the Sneak (Octopode Artificer)               Turns: 4026, Time: 00:04:48

Health: -4/75      AC: 24    Str: 11    XL:     8   Next: 26%
Magic:  8/8        EV:  2    Int: 16    God:
Gold:   130        SH:  0    Dex: 12    Spells: 7/7 levels left

rFire   . .          .
                       - Unarmed
rCold   + . .        (no shield)
rNeg    . . .        (helmet currently unavailable)
rPois   +            n - amulet of the acrobat
rElec   .            o - ring of protection from cold
rCorr   .            (no ring)
SInv    .            (no ring)
Will    .....        (no ring)
Stlth   +++          (no ring)
HPRegen 0.32/turn    (no ring)
MPRegen 0.11/turn    (no ring)
                     (no ring)

%: acrobat
@: tree-form
A: stationary, stasis, torment immunity, boosted hp, almost no armour,
(amphibious), 8 rings, (camouflage 1), (gelatinous body 1), (nimble swimmer 1),
(tentacles)
a: no special abilities


You were on level 6 of the Dungeon.
You were a tree.
You visited 1 branch of the dungeon, and saw 6 of its levels.
You also visited: Ossuary.

You collected 130 gold pieces.

Inventory:

Jewellery
 n - an amulet of the acrobat (around neck)
 o - a ring of protection from cold (left branch)
Wands
 b - a wand of flame (9) (quivered)
 x - a wand of polymorph (8)
Scrolls
 e - 2 scrolls of identify {unknown}
 f - 2 scrolls of magic mapping {unknown}
 g - a scroll of immolation {unknown}
 m - 3 scrolls of silence
 p - 5 scrolls of teleportation
 q - 3 scrolls of noise {unknown}
 s - a scroll of enchant weapon {unknown}
 t - a scroll of amnesia {unknown}
 u - 2 scrolls of poison {unknown}
 w - 2 scrolls of blinking {unknown}
 y - a scroll of enchant armour {unknown}
 z - a scroll of fog {unknown}
 C - a scroll of fear {unknown}
Potions
 a - a potion of brilliance {unknown}
 h - a potion of might {unknown}
 i - a potion of berserk rage {unknown}
 j - 2 potions of lignification
 k - 2 potions of cancellation {unknown}
 l - 4 potions of degeneration {unknown}
 r - a potion of ambrosia {unknown}
 v - 4 potions of curing {unknown}
 A - a potion of attraction {unknown}
 B - a potion of mutation {unknown}
 D - 2 potions of invisibility {unknown}
 E - 2 potions of flight {unknown}


   Skills:
 + Level 2.3 Fighting
 + Level 4.6 Dodging
 + Level 6.7 Stealth
 + Level 5.5 Unarmed Combat
 + Level 5.0 Evocations


You had 7 spell levels left.
You didn't know any spells.
Your spell library contained the following spells:

 Spells                   Type           Power      Damage    Failure   Level
 Ensorcelled Hibernation  Hex/Ice        0%         N/A       36%         2
 Lesser Beckoning         Tloc           0%         N/A       36%         2
 Passwall                 Tmut/Erth      0%         N/A       36%         2
 Gell's Gravitas          Tloc           0%         N/A       58%         3
 Swiftness                Air            0%         N/A       58%         3
 Teleport Other           Tloc           0%         N/A       58%         3


Dungeon Overview and Level Annotations

Branches:
Dungeon (6/15)            Ossuary (visited)
 Temple: D:4-7

Altars:
Cheibriados
Okawaru
Wu Jian

Shops:
D:4 :   D:6 ((

Annotations:
D:4 1 exclusion


Innate Abilities, Weirdness & Mutations

You are a tree.
Your roots penetrate the ground, keeping you stationary.
You cannot be teleported.
You are immune to unholy pain and torment.
Your maximum health is greatly increased.
You cannot wear most types of armour.
((You are amphibious.))
You can wear up to eight rings at the same time.
((Your skin changes colour to match your surroundings (Stealth+).))
((Your rubbery body absorbs attacks. (AC +1, EV +1)))
((You are camouflaged when in or above water. (Stealth+)))
((You have tentacles for arms and can constrict up to eight enemies at once.))


Message History

You hear some strange, mumbled words.
A puff of flame appears from out of thin air!
The puff of flame misses you.
You barely miss something.
You hear some strange, mumbled words.
A puff of flame appears from out of thin air!
The puff of flame hits something.
Something hits you.
You closely miss something. Your squeeze misses something.
The orc hits you with a +0 club.
You closely miss the orc. Your grab misses the orc.
You tentacle-slap the orc but do no damage.
You grab the orc. You constrict the orc. The orc hits you with a +0 club.
You hear some strange, mumbled words.
A puff of flame appears from out of thin air!
The puff of flame hits something!
You tentacle-slap the orc. You squeeze the orc.
The orc is severely wounded.
You constrict the orc. The orc closely misses you.
You tentacle-slap the orc.
You kill the orc!
Something barely misses you. Something hits you.
You miss something.
You hear some strange, mumbled words.
A magic dart appears from out of thin air!
The magic dart hits you!
* * * LOW HITPOINT WARNING * * *
Something barely misses you.
You barely miss something.
You hear some strange, mumbled words.
A magic dart appears from out of thin air!
The magic dart hits you.
* * * LOW HITPOINT WARNING * * *
Something hits you.
* * * LOW HITPOINT WARNING * * *
It was a potion of lignification.
You turn into a tree.
Your roots penetrate the ground.
Something hits you but does no damage.
You hear some strange, mumbled words.
A magic dart appears from out of thin air!
The magic dart hits you!
You die...

.....#.......#
.....+.......#
.....#.##...####+# ###
...###.##...##...##..#
...#..<.'....#.......#
...#....#....#.......#
...#....#....#...))..#
...##'#####'##.){##.$#
.......##...##.{♣## .#
.......#.....#....# #
.......#.....#....#
.......#.....#....#
.......#..####.####
>....###).####.#
.....#....#....#
.....#....#....#
.....#....#....#


There were no monsters in sight!

Vanquished Creatures
  Eustachio (D:4)
  A centaur (D:5)
  A phantom (D:6)
  A water moccasin zombie (Ossuary)
  A howler monkey (D:4)
  A centaur zombie (Ossuary)
  An orc priest (D:6)
  A bullfrog zombie (Ossuary)
  2 hounds
  11 mummies (Ossuary)
  2 iguanas
  2 killer bee zombies (Ossuary)
  A gnoll (D:5)
  4 adders
  A dart slug (D:4)
  8 orcs
  8 ball pythons
  4 endoplasms (D:1)
  A giant cockroach (D:2)
  7 goblins
  6 hobgoblins
  6 jackals
  5 quokkas
  4 bats
  2 frilled lizards
  5 kobolds
  6 rats
93 creatures vanquished.

Vanquished Creatures (collateral kills)
  A centaur zombie (Ossuary)
  A mummy (Ossuary)
  A kobold (D:4)
3 creatures vanquished.

Vanquished Creatures (others)
  2 centaur zombies (Ossuary)
  A killer bee zombie (Ossuary)
  5 mummies (Ossuary)
  An adder (D:3)
9 creatures vanquished.

Grand Total: 105 creatures vanquished

Notes
Turn   | Place    | Note
-------+----------+-------------------------------------------
     0 | D:1      | H0rd4k the Octopode Artificer began the quest for the Orb.
     0 | D:1      | Reached XP level 1. HP: 13/13 MP: 1/1
   118 | D:1      | Reached XP level 2. HP: 2/18 MP: 2/2
   474 | D:1      | Reached skill level 2 in Stealth
   476 | D:1      | Reached XP level 3. HP: 21/23 MP: 3/3
   674 | D:1      | Reached skill level 1 in Unarmed Combat
   970 | D:2      | Found an ornate altar of the Wu Jian Council.
  1696 | D:3      | Reached XP level 4. HP: 9/28 MP: 4/4
  1703 | D:3      | Reached skill level 3 in Stealth
  2126 | D:4      | Found a large runed translucent door.
  2132 | D:4      | Found a large runed translucent door.
  2140 | D:4      | Found an iron altar of Okawaru.
  2143 | D:4      | Found a snail-covered altar of Cheibriados.
  2224 | D:4      | Noticed an ogre
  2369 | D:4      | Reached skill level 4 in Stealth
  2369 | D:4      | Reached XP level 5. HP: 33/33 MP: 5/5
  2464 | D:4      | Found Ropat's Book Boutique.
  2532 | D:4      | Noticed Eustachio
  2534 | D:4      | Noticed an ogre
  2539 | D:4      | Killed Eustachio
  2540 | D:4      | Reached skill level 5 in Stealth
  2540 | D:4      | Reached XP level 6. HP: 38/38 MP: 6/6
  2920 | D:5      | Entered Level 5 of the Dungeon
  2924 | D:5      | Found a sand-covered staircase.
  2934 | Ossuary  | Entered an ossuary
  3002 | Ossuary  | Reached XP level 7. HP: 11/44 MP: 7/7
  3027 | Ossuary  | Your ally bog mummy died
  3054 | Ossuary  | Your ally bog mummy died
  3060 | Ossuary  | Reached skill level 6 in Stealth
  3584 | D:5      | Reached skill level 5 in Unarmed Combat
  3584 | D:5      | Reached XP level 8. HP: 27/50 MP: 8/8
  3841 | D:6      | Found Roxauth's Antique Weapon Shoppe.
  3862 | D:6      | Found Dunatos's Antique Weapon Shop.
  3894 | D:6      | Reached skill level 5 in Evocations
  4026 | D:6      | Killed from afar by an orc wizard

Illustrated notes

Levels and vault maps discovered:
D:1:      lightli_arrival_windingriver, layout_basic,
          dreamdust_princess_corridor, reono_crystal_passage
D:2:      layout_basic, basic_altar
D:3:      layout_rooms, mainiacjoe_overflow_catwalk
D:4:      layout_cave_pods, jmf_multi_god_temple2, serial_shops,
          nicolae_shop_just_a_little_nook, uniq_eustachio
D:5:      layout_basic, portal_sewer_entry_c, enter_ossuary_3,
          nicolae_shop_dragon_depot, nrook_mini_vaults,
          ebering_dispersal_statue_hall, uniq_sigmund
D:6:      layout_gridville, temple_hall, serial_shops,
          nicolae_shop_advertising_works [nicolae_subvault_shop_adworks], shop,
          nicolae_shop_rolling_square, nicolae_shop_overgrown_old_shop,
          uniq_prince_ribbit1

Skill      XL: |  1  2  3  4  5  6  7  8 |
---------------+-------------------------+-----
Stealth        | 2 4 5 6 |  6.7
Unarmed Combat | 1 2 3 5 |  5.5
Dodging        | 3 4 |  4.6
Evocations     | 4 5 |  5.0
Fighting       | 2 |  2.3

Action                     |  1- 3 |  4- 6 |  7- 9 || total
---------------------------+-------+-------+-------++-------
  Melee: Unarmed           |    96 |    82 |    91 ||   269
         Constrict         |    30 |    18 |    13 ||    61
         Tentacles         |    23 |    17 |    23 ||    63
         Punch             |     1 |     3 |     6 ||    10
  Evoke: Wand              |     2 |     9 |    16 ||    27
    Use: Potion            |     1 |     1 |     1 ||     3
         Scroll            |       |       |     2 ||     2
   Stab: Sleeping          |    11 |     7 |     3 ||    21
         Distracted        |       |     1 |     1 ||     2
 Armour: Skin              |     7 |     3 |     7 ||    17
  Dodge: Dodged            |    69 |    69 |    57 ||   195
